Cogmind - Beta 9 @@@ ROGUE MODE // 2019.10.23 @ 15:07:49 Player: Logjam Result: Destroyed by D-53 Grenadier with Mini Grenade Launcher Performance ------------- Evolutions (0) 0 Regions Visited (2) 400 Robots Destroyed (16) 80 Value Destroyed (309) 309 Prototype IDs (0) 0 Alien Tech Used (0) 0 Bonus (0) 0 TOTAL SCORE: 789 Bonus ------- None Cogmind --------- Core Integrity 0/250 Matter 284/300 Energy 100/100 System Corruption 0% Temperature Cool (0) Location -10/Mines Parts ------- Power (1) Propulsion (2) Flight Unit Flight Unit Utility (2) Medium Storage Unit Structural Scanner Weapon (2) Inventory (8) Light Ion Engine Light Nuclear Core Terrain Scan Processor Light Armor Plating Light Assault Rifle Grenade Launcher Peak State ------------ Power Light Nuclear Core Propulsion Aluminum Leg Aluminum Leg Utility Small Storage Unit Structural Scanner Weapon Assault Rifle Shotgun Inventory Ion Engine Ion Engine Light Ion Engine Light Assault Rifle Heavy Assault Rifle Grenade Launcher [Rating: 10] Favorites ----------- Power Light Nuclear Core Engine Light Ion Engine Power Core Light Nuclear Core Propulsion Aluminum Leg Treads Light Treads Leg Aluminum Leg Wheel Wheel Flight Unit Flight Unit Utility Structural Scanner Device Structural Scanner Storage Small Storage Unit Weapon Assault Rifle Energy Gun EM Pulse Gun Ballistic Gun Assault Rifle Launcher Grenade Launcher Build | -11 -10 -10 ------- Run | Scr Mat Min Slots Evolved . | . . . Power . | . . . Propulsion . | . . . Utility . | . . . Weapon . | . . . Parts Attached 22 | 12 6 4 Power 4 | 1 1 2 Engine 2 | 1 . 1 Core 2 | . 1 1 Reactor . | . . . Propulsion 10 | 8 . 2 Treads 2 | 2 . . Leg 4 | 4 . . Wheel 2 | 2 . . Hover . | . . . Flight 2 | . . 2 Utility 3 | 1 2 . Device 1 | . 1 . Storage 2 | 1 1 . Processor . | . . . Hackware . | . . . Protection . | . . . Artifact . | . . . Weapon 5 | 2 3 . Energy Gun 1 | 1 . . Energy Cannon . | . . . Ballistic Gun 3 | 1 2 . Ballistic Cannon . | . . . Launcher 1 | . 1 . Special Weapon . | . . . Impact Weapon . | . . . Slashing Weapon . | . . . Piercing Weapon . | . . . Special Melee Weapon . | . . . Unidentified Prototypes . | . . . Parts Lost 5 | . 1 4 Power 1 | . . 1 Propulsion 2 | . . 2 Utility . | . . . Weapon 2 | . 1 1 Highest Loss Streak 4 | . 1 4 Average Slot Usage (%) 96 | . 98 87 Engine 4 | . 4 2 Core 9 | . 9 10 Leg 26 | . 28 19 Device 13 | . 13 14 Storage 14 | . 14 14 Energy Gun 3 | . 3 . Ballistic Gun 22 | . 23 19 Naked Turns . | . . . Heaviest Build 19 | 10 19 19 Greatest Support 20 | 20 20 20 Greatest Overweight (x) 5 | . . 5 Average Overweight (x) . | . . . Largest Inventory Capacity 8 | 6 8 8 Average Capacity 6 | 5 6 8 Most Carried 8 | 4 8 8 Average Carried 5 | 1 5 7 Final Capacity 8 | . . 8 Final Carried 6 | . . 6 Class Distribution -------------------- 100% | Mutant Dominant Class ---------------- Mutant | -10/Materials Mutant | -10/Mines Resources | -11 -10 -10 ----------- Run | Scr Mat Min Matter Collected 548 | 258 207 83 Remotely . | . . . Salvage Created 369 | . 275 94 Parts 27 | . 24 3 Haulers Intercepted . | . . . Recyclers Shooed . | . . . Parts Field Recycled . | . . . Retrieved Matter . | . . . Parts Self-Destructed . | . . . Prevented . | . . . Kills | -11 -10 -10 ------- Run | Scr Mat Min Combat Hostiles Destroyed 12 | . 9 3 Guns 10 | . 7 3 AOE 2 | . 2 . Classes Destroyed 5 | . 4 1 Worker 3 | . 3 . Watcher 1 | . 1 . Swarmer 5 | . 5 . Grunt 6 | . 4 2 Assembled 1 | . . 1 Best Kill Streak 5 | . 5 2 Combat Bots Only 3 | . 3 2 Max Kills in Single Turn 2 | . 2 1 Gunslinging . | . . . Exploded 1 | . 1 . Melee . | . . . Uniques/NPCs Destroyed . | . . . Combat | -11 -10 -10 -------- Run | Scr Mat Min Damage Taken 914 | . 435 479 Core 289 | . 99 190 Absorbed by Shields . | . . . Core Remaining (%) 100 | 100 . . Volleys Fired 49 | . 38 11 Largest 1 | . 1 1 Hottest 30 | . 30 23 Shots Fired 49 | . 38 11 Gun 46 | . 35 11 Cannon . | . . . Launcher 3 | . 3 . Special . | . . . Kinetic 46 | . 35 11 Thermal . | . . . Explosive 3 | . 3 . Electromagnetic . | . . . Robot Hit Streak 5 | . 5 4 Robot Miss Streak 4 | . 4 2 Penetration Max . | . . . Secondary Targets . | . . . Shots Hit Robots 36 | . 26 10 Core Hits 26 | . 18 8 Critical Hits 1 | . 1 . Critical Kills . | . . . Critical Parts Destroyed 1 | . 1 . Melee Attacks . | . . . Impact . | . . . Slashing . | . . . Piercing . | . . . Sneak Attacks . | . . . Combat Hostiles . | . . . Follow-up Attacks . | . . . Damage Inflicted 596 | . 438 158 Guns 466 | . 312 154 Cannons . | . . . Explosions 123 | . 123 . Melee . | . . . Ramming 7 | . 3 4 Kinetic 466 | . 312 154 Thermal . | . . . Explosive 123 | . 123 . Electromagnetic . | . . . Impact . | . . . Slashing . | . . . Piercing . | . . . Highest Corruption . | . . . Average Corruption . | . . . Corruption Purged . | . . . Overload Shots . | . . . Overflow Damage . | . . . Projectiles . | . . . Explosions . | . . . Melee . | . . . Knockbacks . | . . . Impact . | . . . Kinetic . | . . . Secondary . | . . . Self-Inflicted Damage 3 | . 1 2 Shots . | . . . Rammed 3 | . 2 1 Targets Rammed 3 | . 2 1 Kicked . | . . . Crushed . | . . . Highest Temperature 6 | . 6 2 Average Temperature 3 | . 5 2 Received Heat Transfer 222 | . 180 42 Siege Activations . | . . . Robots Corrupted . | . . . Combat Hostiles . | . . . Parts Fried . | . . . Impact Corruptions . | . . . Robots Melted . | . . . Combat Hostiles . | . . . Parts Melted . | . . . Heat Transferred . | . . . Parts Sabotaged . | . . . Parts Stolen . | . . . Parts Stripped . | . . . Power Chain Reactions . | . . . Missiles Intercepted . | . . . Alert | -11 -10 -10 ------- Run | Scr Mat Min Peak Influence 215 | . 215 93 Average Influence 79 | . 89 75 Maximum Alert Level 1 | . 1 . Low Security (%) 95 | . . . Level 1 4 | . . . Level 2 . | . . . Level 3 . | . . . Level 4 . | . . . Level 5 . | . . . High Security . | . . . Max Security . | . . . Squads Dispatched 1 | . 1 . Investigation . | . . . Extermination . | . . . Reinforcement 1 | . 1 . Assault . | . . . Garrison . | . . . Intercept . | . . . Construction Impeded . | . . . Haulers Reinforced . | . . . Stealth | -11 -10 -10 --------- Run | Scr Mat Min Distress Signals 1 | . 1 . Communications Jammed . | . . . Distress Signals . | . . . Times Spotted 28 | . 16 12 Peak Tracking Total 5 | . 5 4 Tactical Retreats 3 | . 2 1 Traps | -11 -10 -10 ------- Run | Scr Mat Min Traps Triggered . | . . . Indirectly . | . . . Trap Hack Attempts . | . . . Triggered . | . . . Disarmed . | . . . Reprogrammed . | . . . Reused . | . . . Traps Extracted . | . . . Installed . | . . . Triggered . | . . . Machines | -11 -10 -10 ---------- Run | Scr Mat Min Machines Disabled 1 | . 1 . Max in Single Turn 1 | . 1 . Machines Sabotaged . | . . . Garrisons Compromised . | . . . Overloaded Fab Kills . | . . . Fab Network Shutdowns . | . . . Hacking | -11 -10 -10 --------- Run | Scr Mat Min Machines Accessed 2 | . 2 . Terminals 2 | . 2 . Fabricators . | . . . Repair Stations . | . . . Recycling Units . | . . . Scanalyzers . | . . . Garrison Access . | . . . Total Hacks 4 | . 4 . Successful 3 | . 3 . Failed 1 | . 1 . Catastrophic . | . . . Database Lockouts . | . . . Manual . | . . . Terminals 4 | . 4 . Fabricators . | . . . Repair Stations . | . . . Recycling Units . | . . . Scanalyzers . | . . . Garrison Access . | . . . Terminal Hacks 3 | . 3 . Record 3 | . 3 . Fabricator Hacks . | . . . Repair Station Hacks . | . . . Recycling Unit Hacks . | . . . Scanalyzer . | . . . Garrison Access Hacks . | . . . Unauthorized Hacks . | . . . Terminals . | . . . Fabricators . | . . . Repair Stations . | . . . Recycling Units . | . . . Scanalyzers . | . . . Garrison Access . | . . . Data Cores Recovered . | . . . Used . | . . . Hacking Detections 1 | . 1 . Full Trace Events 1 | . 1 . Feedback Events . | . . . Feedback Blocked . | . . . Robot Schematics Acquired . | . . . Robots Built . | . . . Matter . | . . . Time . | . . . Total Robot Build Rating . | . . . Part Schematics Acquired . | . . . Parts Built . | . . . Matter . | . . . Time . | . . . Total Part Build Rating . | . . . Parts Repaired . | . . . Time . | . . . Parts Recycled . | . . . Recycled Matter . | . . . Retrieved Matter . | . . . Retrieved Components . | . . . Parts Scanalyzed . | . . . Part Schematics Acquired . | . . . Parts Damaged . | . . . Bothacking | -11 -10 -10 ------------ Run | Scr Mat Min Used RIF Installer . | . . . Robots Hacked . | . . . Non-combat . | . . . Combat . | . . . Robot Hacks Applied . | . . . Relay Couplers Released . | . . . Robots Rewired . | . . . Allies Hacked . | . . . Hacks Repelled . | . . . Allies | -11 -10 -10 -------- Run | Scr Mat Min Total Allies . | . . . Largest Group . | . . . Highest-Rated Group . | . . . Highest-Rated Ally . | . . . Total Orders . | . . . Ally Attacks . | . . . Total Damage . | . . . Kills . | . . . Allies Corrupted . | . . . Allies Melted . | . . . Intel | -11 -10 -10 ------- Run | Scr Mat Min Robot Analysis Total . | . . . Derelict Logs Recovered . | . . . Drone Launches . | . . . Drone Recoveries . | . . . Exploration | -11 -10 -10 ------------- Run | Scr Mat Min Turns Passed 989 | 92 768 129 Spaces Moved 692 | 73 541 78 Core 28 | 26 . 2 Treads 2 | 2 . . Legs 641 | 43 541 57 Wheels 2 | 2 . . Hover . | . . . Flight 19 | . . 19 Fastest Speed 50 | 50 120 117 Average Speed 117 | 95 120 124 Slowest Speed 300 | 160 120 300 Overloaded Moves . | . . . Propulsion Burnouts . | . . . Robots Hopped . | . . . Cave-ins Triggered . | . . . Exploration Rate (%) 25 | 4 53 19 Regions Visited 2 Branch Regions 1 Pre-discovered Areas . | . . . Known Exits Taken . | . . . Unknown Exits Taken 2 | 1 1 . Scrap Searched . | . . . Spaces Dug . | . . . Terrain Destroyed 12 | . 12 . Melee . | . . . Projectile . | . . . AOE 12 | . 12 . Actions | -11 -10 -10 --------- Run | Scr Mat Min Total 818 | 95 624 99 Wait 26 | . 23 3 Move 690 | 72 540 78 Hop . | . . . Pick Up 14 | 4 10 . Fast Attach 10 | 8 2 . Attach 7 | 4 . 3 Detach 4 | 3 . 1 Swap 5 | . 4 1 Drop 10 | 4 5 1 Fire 49 | . 38 11 Melee . | . . . Ram 1 | . . 1 Kick 2 | . 2 . Crush . | . . . Escape Stasis . | . . . Rewire . | . . . Trap . | . . . Miscellaneous . | . . . Route ------- -11/Scrapyard -10/Materials (discovered 2 exits: [*Mat] / [*Min]) -10/Mines History --------- Turn | Location | Event 5 | -11/Scrapyard | Discovered new exit (range 15) 93 | -11/Scrapyard | Entered Materials 275 | -10/Materials | Discovered new exit (range 16) 306 | -10/Materials | Build established: Mutant 607 | -10/Materials | Discovered new exit (range 15) 861 | -10/Materials | Entered Mines 934 | -10/Mines | Assembled infested the area 939 | -10/Mines | Assisted by a Guerilla fighting off Assembled 967 | -10/Mines | Core integrity fell below 50% 982 | -10/Mines | Core integrity fell below 20% 990 | -10/Mines | Destroyed by D-53 Grenadier with Mini Grenade Launcher Last Messages --------------- 00969_ The unstable cave ceiling collapses. 00970_ K-01 Serf collects debris. 00972_ HV Slug penetrates Wall. 00973_ The unstable cave ceiling collapses. 00973_ as-24244 destroyed. 00975_ K-01 Serf collects debris. 00975_ Z8-UOP(h) destroyed. 00975_ R-06 Scavenger destroyed. 00977_ as-63331 destroyed. 00977_ R-06 Scavenger collects Wheel. 00979_ K-01 Serf collects debris. 00980_ The unstable cave ceiling collapses. 00980_ Tractor Beam crushed. 00981_ The unstable cave ceiling collapses. 00981_ Lgt. Ion Engine destroyed. 00983_ K-01 Serf collects debris. 00985_ The unstable cave ceiling collapses. 00985_ as-33583 destroyed. 00987_ Slammed into U-05 Engineer. 00988_ K-01 Serf collects debris. Map ----- +----------------------------------------------------+ | ?????????????????????????????????????????????????? | | ?????????????????????????????????????????????????? | | ?????????????????????????????????????????????????? | | ?????????????????????????????????????????????????? | | ?????????????????????????????????????????????????? | | ?????????????????????????????????????????????????? | | ?????????????????????????????????????????????????? | | ?????????????????????????????????????????????????? | | ?????????????????????????????????????????????????? | | ?????????????????????????????????????????????????? | | ?????????????????????????????????????????????????? | | ?????????????????????????????????????????????????? | | ?????????????????????????????????????????????????? | | ?????????????????????????????????????????????????? | | ?????????????????????????????????????????????????? | | ?????????????????????????????????????????????????? | | ?????????????????####??????????????????##########? | | ????????????????## ###????????????????# #? | | ?????????######## ###??????????????#""" #? | | ????????## # #??????????????#""" #? | | ????????# ##?????????????#""" #? | | ??????# # # ###############""" #? | | ????#"# #?# # #? | | ????# % #?# ########### # #? | | ????# # ### #?????????# ##### ####? | | ??????## @ #?????????# ##### #???? | | ???????## % #####????????## %=#???? | | ???????# d ##???????????## ## #???? | | ???????## % #??????????## ##*#???? | | ???????% %# #??????##### ###*#???? | | ??????!# * ##?# #???? | | ????? ?## ####??# ???? | | ????#???# # ########## #??????###???? | | ????????#### # ##????????## #?????????????? | | ???????????### ### ##??????????###??????????????? | | ?????????????###?#" #????????????????????????????? | | ?????????????????##%#????????????????????????????? | | ??????????????????# ?????????????????????????????? | | ??????????????????#??????????????????????????????? | | ?????????????????????????????????????????????????? | | ?????????????????????????????????????????????????? | | ?????????????????????????????????????????????????? | | ?????????????????????????????????????????????????? | | ?????????????????????????????????????????????????? | | ?????????????????????????????????????????????????? | | ?????????????????????????????????????????????????? | | ?????????????????????????????????????????????????? | | ?????????????????????????????????????????????????? | | ?????????????????????????????????????????????????? | | ?????????????????????????????????????????????????? | +----------------------------------------------------+ Best States ------------- Heat Dissipation 25 Energy Generation 14 Energy Capacity 160 Matter Stores 300 Matter Capacity 300 Sight Range 16 Terrain Scan Density 10 Evasion (%) 50 Recoil Reduction 1 Item Schematics ----------------- None Robot Schematics ------------------ None Fabricated ------------ Nothing Alien Tech Used ----------------- None Achievements -------------- None Challenges ------------ None Game ------ Seed WeaponPotentialBoosters Manual? 0 Play Time 00:17:33 Cumulative 9.0 hours Start 2019.10.23 @ 14:27:16 End 2019.10.23 @ 15:07:49 Sessions 1 Manual Loads 0 Difficulty Rogue Special Mode None Game No. 17 Rogue 17 Adventurer 0 Explorer 0 Win Type - Total 0 Types 0/0/0/0/0/0/0 Lore% 6 Gallery% 14 Achievement% 10 Wizard Run 0 Options --------- ASCII 0 Keyboard 1 Movement Numpad Keybinds 0 Fullscreen 2 Font 18/Smallcaps Map View 76x50 Tactical HUD 1 Map Filters NONE Filters NONE Steam 1 RUN: da83e628-e44d-4a22-a94f-70aadbc383c3